 Dungeon Crawl Stone Soup version 0.30-a0-1016-gfb0d676c02 (webtiles) character file.

Game seed: 14509482609512140202

252 Pimp the Slasher (level 6, -1/48 HPs)
             Began as a Barachi Reaver on Apr 6, 2023.
             Splashed by a jelly's acid (8 damage)
             ... on level 4 of the Dungeon.
             The game lasted 00:05:17 (3318 turns).

Pimp the Slasher (Barachi Reaver)                   Turns: 3318, Time: 00:05:19

Health: -1/48      AC: -4    Str: 14    XL:     6   Next: 14%
Magic:  11/11      EV: 10    Int: 13    God:
Gold:   116        SH:  0    Dex: 12    Spells: 7/11 levels left

rFire   + . .      SeeInvis .    a - +1 falchion
rCold   . . .      Faith    .    (no shield)
rNeg    . . .      Spirit   .    v - +0 scale mail
rPois   .          Reflect  .    (helmet restricted)
rElec   .          Rampage  .    (no cloak)
rCorr   .                        (no gloves)
Will    .....                    p - +0 pair of boots Stlth
                                 (no amulet)
HPRegen 0.28/turn                t - ring of protection from fire
MPRegen 0.12/turn                (no ring)

@: corroded, slow
A: amphibious, slowness 1, strong legs 1, +LOS, horns 1, mutation resistance 1
a: Hop


You were on level 4 of the Dungeon.
You visited 1 branch of the dungeon, and saw 4 of its levels.

You collected 116 gold pieces.

Inventory:

Hand Weapons
 a - a +1 falchion (weapon)
Armour
 b - a +0 leather armour
 f - a +0 pair of boots
 p - a +0 pair of boots (worn)
 v - a +0 scale mail (worn)
Magical Staves
 j - a staff of cold
Jewellery
 t - a ring of protection from fire (left hand)
Wands
 o - a wand of digging (5)
Scrolls
 e - 2 scrolls of fog
 g - 2 scrolls of fear
 l - a scroll of silence
 n - 2 scrolls of amnesia
 q - a scroll of teleportation
 s - a scroll of butterflies
Potions
 c - 2 potions of curing
 d - 2 potions of brilliance {unknown}
 h - 3 potions of flight
 i - a potion of cancellation
 k - a potion of invisibility
 m - 2 potions of attraction {unknown}
 r - a potion of heal wounds {unknown}
 u - a potion of might {unknown}


   Skills:
 + Level 3.8 Fighting
 + Level 4.7 Long Blades
 + Level 1.3 Armour
 + Level 3.5 Dodging
 + Level 3.3 Spellcasting
 + Level 4.3 Conjurations
 + Level 0.0 Ice Magic


You had 7 spell levels left.
You knew the following spells:

 Your Spells              Type           Power      Damage    Failure   Level
a - Kiss of Death         Conj/Necr      28%        2d7       38%         1
b - Hailstorm             Conj/Ice       7%         3d4       77%         3

Your spell library contained the following spells:

 Spells                   Type           Power      Damage    Failure   Level
 Momentum Strike          Conj/Tloc      14%        3d8       52%         2
 Call Canine Familiar     Summ           2%         N/A       96%         3
 Inner Flame              Hex/Fire       2%         N/A       96%         3
 Portal Projectile        Hex/Tloc       4%         N/A       96%         3
 Flame Wave               Conj/Fire      7%         2d5       99%         4
 Sticky Flame             Conj/Fire      7%         2d3       99%         4
 Leda's Liquefaction      Hex/Erth       1%         N/A       100%        4


Dungeon Overview and Level Annotations

Branches:
Dungeon (4/15)
 Temple: D:4-7

Altars:
Nemelex Xobeh

Shops:
D:2 ?*   D:4 *

Annotations:
D:4 2 transporters, Nabski's ghost, amateur TeFE


Innate Abilities, Weirdness & Mutations

You are amphibious.
You cover ground slowly.
You can hop short distances.
You have an extended range of vision and can be seen from far away.
You have a pair of small horns on your head.
You are somewhat resistant to further mutation.


Message History

You kill the hound!
You have reached level 6!
Magic restored.
You pick up a book of the Hunter and begin reading...
You add the spells Call Canine Familiar, Portal Projectile and Leda's Liquefaction to your library.
You pick up a book of Flames and begin reading...
You add the spells Inner Flame, Sticky Flame and Flame Wave to your library.
Found two ring mails.
This spell is quite dangerous to cast!
Memorise Hailstorm, consuming 3 spell levels and leaving 7?
You start memorising the spell.
You continue memorising. x3
You finish memorising.
Spell assigned to 'b'.
There is a stone staircase leading down here.
A jelly comes into view.
The jelly quivers.
Found 9 gold pieces.
You hit the jelly. The acid corrodes you!
Your hands burn!
The jelly is lightly wounded.
The jelly misses you.
You hit the jelly.
Your hands burn!
You headbutt the jelly, but do no damage.
The jelly is moderately wounded.
The jelly hits you.
You are splashed with acid!
You hit the jelly. The acid corrodes you!
Your hands burn!
The jelly is moderately wounded.
The jelly hits you.
You are splashed with acid!
* * * LOW HITPOINT WARNING * * *
You barely miss the jelly. You headbutt the jelly.
The jelly is heavily wounded.
The jelly barely misses you.
You feel better. The jelly hits you. The acid corrodes you!
You are splashed with acid!
* * * LOW HITPOINT WARNING * * *
You hit the jelly.
Your hands burn!
* * * LOW HITPOINT WARNING * * *
The jelly is severely wounded.
The jelly hits you.
* * * LOW HITPOINT WARNING * * *
You are splashed with acid!
You die...

#.....# #.....#
#.....# #####
#.....#
#...####>....#
#....##......+
#............#
#.......†#..## #
######
#.....[>.#@.# #.
...©.
#........#J..[.#
#.# .#.#
#.###....#.#####
#.. #...
#.....#'##.#
#..##...
#######'##.#
#.#..#.#
#...^..#.#
##.OWO)).
#......#.#
#########
#......#.#
#.....©.©
#......#$#
######........


You could see a jelly.

Vanquished Creatures
  A phantom (D:4)
  A hound (D:4)
  Jessica (D:3)
  An orc wizard (D:4)
  3 adders (D:2)
  3 dart slugs (D:2)
  2 orcs (D:4)
  6 endoplasms
  3 giant cockroaches
  8 goblins
  6 hobgoblins
  6 kobolds
  3 quokkas
  5 ball pythons
  3 bats
  3 frilled lizards
  2 rats
57 creatures vanquished.

Notes
Turn   | Place    | Note
-------+----------+-------------------------------------------
     0 | D:1      | Pimp the Barachi Reaver began the quest for the Orb.
     0 | D:1      | Reached XP level 1. HP: 17/17 MP: 3/3
   339 | D:1      | Reached XP level 2. HP: 22/23 MP: 5/5
   931 | D:2      | Reached XP level 3. HP: 28/28 MP: 6/6
  1042 | D:2      | Found Buyn's Armour Shop.
  1042 | D:2      | Found Lema's General Store.
  1107 | D:2      | Identified the +5 hand axe "Teleod" {spect, Str+3}
  1362 | D:2      | Reached XP level 4. HP: 10/35 MP: 8/8
  1732 | D:2      | Found a sparkling altar of Nemelex Xobeh.
  1857 | D:2      | Found Kuurih's Magic Scroll Emporium.
  2146 | D:3      | Gained mutation: You are somewhat resistant to further
                  | mutation. [potion of mutation]
  2146 | D:3      | Gained mutation: You have a pair of small horns on your
                  | head. [potion of mutation]
  2215 | D:3      | Noticed Jessica
  2224 | D:3      | Killed Jessica
  2559 | D:4      | Found a transporter.
  2738 | D:4      | Reached XP level 5. HP: 17/41 MP: 9/9
  2903 | D:4      | Found Faum's Assorted Antiques.
  3052 | D:4      | Noticed Nabski's ghost (amateur TeFE)
  3053 | D:4      | Found a transporter.
  3053 | D:4      | Noticed an ogre
  3054 | D:4      | Identified the +1 dire flail of the Maze {freeze, Int+2
                  | Dex+4 Stlth+}
  3054 | D:4      | Noticed an ogre
  3099 | D:4      | Noticed a phantom
  3108 | D:4      | Killed a phantom
  3109 | D:4      | Reached skill level 1 in Armour
  3221 | D:4      | Reached XP level 6. HP: 29/48 MP: 9/11
  3306 | D:4      | Learned a level 3 spell: Hailstorm
  3318 | D:4      | Splashed by a jelly's acid

Illustrated notes

Levels and vault maps discovered:
D:1:      dpeg_cavernosity, layout_basic
D:2:      layout_loops_ring, serial_shops, shop, shop_scrolls, shop,
          basic_altar, st_stairs_13
D:3:      layout_basic, kennysheep_big_empty_room, grunt_ministairs_10,
          kennysheep_jessica_study
D:4:      layout_basic, gammafunk_ghost_smash, serial_shops, kennysheep_mini

Skill      XL: |  1  2  3  4  5 |
---------------+----------------+-----
Long Blades    | 4 |  4.7
Fighting       | 3 |  3.8
Dodging        | 3 |  3.5
Spellcasting   | 3 |  3.3
Conjurations   | 4 |  4.3
Armour         | 1 |  1.3

Action                     |  1- 3 |  4- 6 || total
---------------------------+-------+-------++-------
  Melee: Falchion          |   116 |    96 ||   212
         Punch             |     2 |     1 ||     3
         Headbutt          |       |    12 ||    12
    Use: Scroll            |     5 |     8 ||    13
         Potion            |       |     3 ||     3
 Armour: Leather armour    |    41 |    25 ||    66
         Scale mail        |       |     6 ||     6
  Dodge: Dodged            |    61 |    52 ||   113

Table legend: (Time is in decaauts)
 A = Elapsed time spent in this place.
 B = Non-inter-level travel time spent in this place.
 C = Inter-level travel time spent in this place.
 D = Time resting spent in this place.
 E = Time spent auto-exploring this place.
 F = Levels seen in this place.
 G = Mean time per level.
                   A        B        C        D        E       F      G
               +--------+--------+--------+--------+--------+-----+--------+
         Total |   3829 |   3514 |    315 |    240 |   2615 |   4 |  957.2 |
       Dungeon |   3829 |   3514 |    315 |    240 |   2615 |   4 |  957.2 |
               +--------+--------+--------+--------+--------+-----+--------+

Top non-repeatable levels by time:
     D:2: 1267 daAuts
     D:1: 1015 daAuts
     D:4: 861 daAuts
     D:3: 686 daAuts
